 Dungeon Crawl Stone Soup version 0.30-a0-292-g0f741e3f8e (webtiles) character file.

Game seed: 14103404700046339647

1639 Iusername the Shield-Bearer (level 8, -3/69 (73) HPs)
             Began as a Minotaur Fighter on Oct 17, 2022.
             Slain by a boulder beetle (7 damage)
             ... on level 8 of the Dungeon.
             The game lasted 00:05:56 (4767 turns).

Iusername the Shield-Bearer (Minotaur Fighter)      Turns: 4767, Time: 00:05:57

HP:   -3/69 (73)    AC: 16    Str: 23    XL:     8   Next: 66%
MP:   7/7           EV:  7    Int:  5    God:
Gold: 288           SH:  0    Dex: 10    Spells: 7/7 levels left

rFire   . . .      SeeInvis .    t - +0 battleaxe
rCold   . . .      Faith    .    (shield currently unavailable)
rNeg    . . .      Spirit   .    q - +3 plate armour {rPois}
rPois   +          Reflect  .    (helmet restricted)
rElec   .          Harm     .    (no cloak)
rCorr   .          Rampage  .    (no gloves)
Will    .....                    (no boots)
Stlth   ..........               (no amulet)
HPRegen 0.31/turn                (no ring)
MPRegen 0.10/turn                (no ring)

@: drained
A: horns 2, retaliatory headbutt
a: no special abilities


You were on level 8 of the Dungeon.
You visited 1 branch of the dungeon, and saw 6 of its levels.

You collected 288 gold pieces.

Inventory:

Hand Weapons
 a - a +0 trident
 t - a +0 battleaxe (weapon)
Missiles
 v - 2 throwing nets (quivered)
 w - 6 javelins
Armour
 b - a +0 scale mail
 q - a +3 plate armour of poison resistance (worn)
Jewellery
 e - a ring of magical power
 j - a ring of flight
Wands
 d - a wand of paralysis (3)
 y - a wand of flame (20)
Scrolls
 c - a scroll of vulnerability {unknown}
 f - 4 scrolls of teleportation
 h - a scroll of torment {unknown}
 l - a scroll of magic mapping
 r - a scroll of brand weapon {unknown}
 s - a scroll of fog
 u - a scroll of poison {unknown}
 x - a scroll of enchant weapon {unknown}
Potions
 i - 2 potions of attraction
 m - 2 potions of flight
 n - a potion of degeneration
 o - a potion of brilliance {unknown}
 z - a potion of haste {unknown}
 A - a potion of magic {unknown}


   Skills:
 + Level 7.5 Fighting
 + Level 7.0 Polearms
 + Level 7.5 Armour
 + Level 7.5 Shields


You had 7 spell levels left.
You didn't know any spells.
Your spell library contained the following spells:

 Spells                   Type           Power      Damage    Failure   Level
 Summon Ice Beast         Ice/Summ       0%         N/A       100%        4
 Summon Mana Viper        Hex/Summ       0%         N/A       100%        5
 Monstrous Menagerie      Summ           0%         N/A       100%        7


Dungeon Overview and Level Annotations

Branches:
Dungeon (8/15)
 Temple: D:4-7         Lair: D:8-11

Altars:
Uskayaw
Wu Jian
Zin

Shops:
D:1 !


Innate Abilities, Weirdness & Mutations

You have a pair of horns on your head.
You reflexively headbutt those who attack you in melee.


Message History

The tengu warrior shouts!
The wight hits you but does no damage.
The orc warrior hits you but does no damage. x2
The wight hits you but does no damage.
You closely miss the wight.
The wight is lightly damaged.
The wight hits you with a +3 dagger.
You feel drained.
The orc warrior hits you but does no damage.
You closely miss the wight. You headbutt the wight.
The wight is lightly damaged.
The wight hits you with a +3 dagger!
You feel drained.
The orc warrior hits you from afar with a +0 trident.
* * * LOW HITPOINT WARNING * * *
The orc warrior hits you but does no damage.
You slash the boulder beetle! You headbutt the boulder beetle.
The boulder beetle is lightly wounded.
The orc warrior hits you from afar with a +0 trident.
* * * LOW HITPOINT WARNING * * *
It was a potion of curing.
You feel better. The boulder beetle bites you.
* * * LOW HITPOINT WARNING * * *
The orc warrior hits you from afar with a +0 trident.
* * * LOW HITPOINT WARNING * * *
You feel better. The boulder beetle bites you.
* * * LOW HITPOINT WARNING * * *
The orc warrior hits you from afar with a +0 trident!
* * * LOW HITPOINT WARNING * * *
You hit the boulder beetle but do no damage.
You headbutt the boulder beetle, but do no damage.
The boulder beetle is lightly wounded.
The boulder beetle bites you.
* * * LOW HITPOINT WARNING * * *
The orc warrior hits you from afar with a +0 trident.
* * * LOW HITPOINT WARNING * * *
The boulder beetle bites you but does no damage.
The orc warrior hits you but does no damage.
You hit the boulder beetle but do no damage.
You headbutt the boulder beetle.
The boulder beetle is moderately wounded.
The boulder beetle bites you!
You die...

## ###...........
..
##......#.....##
#.#.....#..#
.#.#.
#..<......###....
###....##..#.##..
##
.......#.#.###.#
#..
###........○○##.#
..
#.#...####o##o#.#
#.##....@BQcoy†#
#.########z##.#.#
#.# #Y##.# .Y
..##.# #..
#..##.. ##
#..###. #..# ..
#..# (.


You could see a boulder beetle, a tengu warrior, an orc warrior, a centaur, a
killer bee, a wight and 2 orcs.

Vanquished Creatures
  A water moccasin (D:6)
  3 black bears
  2 ice beasts
  An ogre (D:6)
  A phantom (D:6)
  Blork the orc (D:6)
  A bullfrog (D:6)
  A scorpion (D:6)
  4 jellies
  3 wights (D:6)
  A howler monkey (D:8)
  A hound (D:7)
  2 gnoll boudas
  2 iguanas
  Natasha (D:3)
  An orc wizard (D:6)
  4 adders
  7 gnolls (D:7)
  A shadow imp (D:6)
  A white imp (D:7)
  2 ufetubi (D:6)
  2 worms
  A dart slug (D:2)
  7 orcs
  10 endoplasms
  A giant cockroach (D:1)
  7 goblins
  8 hobgoblins
  5 kobolds (D:1)
  3 quokkas (D:1)
  7 ball pythons
  4 bats
  8 rats
104 creatures vanquished.

Notes
Turn   | Place    | Note
-------+----------+-------------------------------------------
     0 | D:1      | Iusername the Minotaur Fighter began the quest for the Orb.
     0 | D:1      | Reached XP level 1. HP: 19/19 MP: 0/0
    81 | D:1      | Reached XP level 2. HP: 27/27 MP: 1/1
   350 | D:1      | Found Muohocle's Distillery.
   454 | D:1      | Reached XP level 3. HP: 33/33 MP: 2/2
  1166 | D:2      | Found a faded altar of an unknown god.
  1354 | D:2      | Reached XP level 4. HP: 33/41 MP: 3/3
  2064 | D:3      | Noticed Natasha
  2077 | D:3      | Killed Natasha
  2433 | D:3      | You fall into a shaft and drop 3 floors!
  2446 | D:6      | Noticed a black bear
  2453 | D:6      | Killed a black bear
  2454 | D:6      | Reached XP level 5. HP: 47/47 MP: 4/4
  2467 | D:6      | Reached skill level 5 in Fighting
  2467 | D:6      | Reached skill level 5 in Armour
  2467 | D:6      | Reached skill level 5 in Shields
  2467 | D:6      | Reached XP level 6. HP: 56/56 MP: 5/5
  2823 | D:6      | Reached XP level 7. HP: 39/62 MP: 6/6
  2828 | D:6      | Reached skill level 5 in Polearms
  2998 | D:6      | Found an ornate altar of the Wu Jian Council.
  3231 | D:6      | Noticed Blork the orc
  3237 | D:6      | Killed Blork the orc
  3502 | D:6      | Reached XP level 8. HP: 46/71 MP: 7/7
  4035 | D:7      | Found a glowing silver altar of Zin.
  4195 | D:7      | Noticed a +0 falchion
  4196 | D:7      | Noticed a +0 spear
  4196 | D:7      | Noticed a +0 short sword
  4196 | D:7      | Noticed a +0 dagger
  4196 | D:7      | Noticed a +0 short sword
  4198 | D:7      | Noticed a +0 dagger
  4198 | D:7      | Noticed a +0 falchion
  4198 | D:7      | Noticed a +0 spear
  4210 | D:7      | Identified the +4 ring mail of Dunia {rF- Will++}
  4220 | D:7      | Found a hide-covered altar of Uskayaw.
  4729 | D:8      | Noticed a boulder beetle
  4759 | D:8      | Noticed a tengu warrior
  4766 | D:8      | HP: 3/69 [orc warrior/+0 trident (3)]
  4767 | D:8      | Slain by a boulder beetle

Illustrated notes

Levels and vault maps discovered:
D:1:      dpeg_arrival_prison, layout_loops_ring, serial_shops,
          nicolae_shop_trees, serial_forest, infiniplex_forest_straight_2,
          infiniplex_forest_lined_room_, infiniplex_forest_clump_tiny,
          infiniplex_forest_corner_1, infiniplex_forest_straight_3,
          infiniplex_forest_straight_4, infiniplex_forest_clump_small,
          infiniplex_forest_clump_double, serial_bayou_pond_d, minmay_tripent
D:2:      layout_loops_ring, basic_ecumenical_altar
D:3:      layout_loops_corners, nzn_hepliaklqana_mist_gate, serial_shops,
          nicolae_shop_crystal, uniq_natasha
D:6:      layout_basic, mainiacjoe_overflow_brackets, minmay_increasing_density,
          uniq_blork_the_orc
D:7:      layout_basic, nicolae_uskayaw_en_pointe, kennysheep_little_box
D:8:      minmay_the_grid_octo_tiled_octocenter [minmay_the_grid_octo_toaster,
          minmay_the_grid_octo_focus, minmay_the_grid_octo_fat_diamond,
          minmay_the_grid_octo_horde, minmay_the_grid_octo_prize_big_c,
          minmay_the_grid_square_5x5_half_checkered,
          minmay_the_grid_square_5x5_six_small,
          minmay_the_grid_square_5x5_tetrominoes,
          minmay_the_grid_square_5x5_inset], layout_loops_ring, tso_altar

Skill      XL: |  1  2  3  4  5  6  7  8 |
---------------+-------------------------+-----
Armour         | 4 5 6 7 |  7.5
Fighting       | 4 5 6 7 |  7.5
Shields        | 4 5 6 7 |  7.5
Polearms       | 3 4 6 7 |  7.0

Action                   |  1- 3 |  4- 6 |  7- 9 || total
-------------------------+-------+-------+-------++-------
Melee: Trident           |    98 |    97 |    37 ||   232
       Headbutt          |     5 |    16 |    26 ||    47
       Battleaxe         |       |       |    92 ||    92
Throw: Javelin           |       |       |     9 ||     9
  Use: Scroll            |       |     5 |     3 ||     8
       Potion            |       |     1 |     3 ||     4
Armor: Scale mail        |    27 |     4 |       ||    31
       Plate armour      |       |    50 |   119 ||   169
Dodge: Dodged            |    20 |    23 |    56 ||    99
Block: Buckler           |    12 |    13 |     6 ||    31

Table legend: (Time is in decaauts)
 A = Elapsed time spent in this place.
 B = Non-inter-level travel time spent in this place.
 C = Inter-level travel time spent in this place.
 D = Time resting spent in this place.
 E = Time spent auto-exploring this place.
 F = Levels seen in this place.
 G = Mean time per level.
                   A        B        C        D        E       F      G
               +--------+--------+--------+--------+--------+-----+--------+
         Total |   4857 |   4688 |    169 |    801 |   3152 |   6 |  809.5 |
       Dungeon |   4857 |   4688 |    169 |    801 |   3152 |   6 |  809.5 |
               +--------+--------+--------+--------+--------+-----+--------+

Top non-repeatable levels by time:
     D:6: 1500 daAuts
     D:1: 994 daAuts
     D:2: 972 daAuts
     D:7: 812 daAuts
     D:3: 498 daAuts
     D:8: 80 daAuts
